 Dungeon Crawl Stone Soup version 0.30.0-13-g156ef70053 (webtiles) character file.

Game seed: 17252874455126626663

347 jasper the Destroyer (level 7, -9/50 HPs)
             Began as a Meteoran Conjurer on May 17, 2023.
             Was a Follower of Vehumet.
             Killed from afar by a steam dragon (22 damage)
             ... with a ball of steam
             ... on level 5 of the Dungeon.
             The game lasted 00:04:29 (1583 turns).

jasper the Destroyer (Meteoran Conjurer)            Turns: 1583, Time: 00:04:29

Health: -9/50      AC:  3    Str:  5 (8)  XL:     7   Next: 14%
Magic:  9/12       EV: 12    Int: 20 (21) God:    Vehumet [*.....]
Gold:   164        SH:  0    Dex: 13 (14) Spells: 0/11 levels left

rFire   . . .        v - +0 war axe (heavy)
rCold   . . .        (no shield)
rNeg    . . .        a - +1 robe
rPois   .            (no helmet)
rElec   .            (no cloak)
rCorr   .            (no gloves)
SInv    .            (no boots)
Will    .....        (no amulet)
Stlth   +            (no ring)
HPRegen 0.28/turn    (no ring)
MPRegen 0.13/turn

%: no passive effects
@: hasted, glowing, very quick
A: sense surroundings 1, otherworldly, glowing, explore regen
a: Renounce Religion


You were on level 5 of the Dungeon.
You worshipped Vehumet.
Vehumet was aware of your devotion.
You visited 1 branch of the dungeon, and saw 5 of its levels.

You collected 164 gold pieces.

Inventory:

Hand Weapons
 g - a +0 dagger
 m - a +2 heavy mace
 r - a +0 falchion of holy wrath
 v - a +0 heavy war axe (weapon)
Missiles
 c - 4 boomerangs
Armour
 a - a +1 robe (worn)
Jewellery
 f - an amulet of faith
Scrolls
 k - 2 scrolls of enchant armour
Potions
 b - a potion of magic
 d - 2 potions of ambrosia
 e - a potion of degeneration
 i - 3 potions of attraction
 j - 2 potions of mutation
 u - a potion of flight {unknown}
 x - 2 potions of cancellation {unknown}


   Skills:
 - Level 2.4 Dodging
 - Level 1.4 Stealth
 - Level 2.6 Spellcasting
 + Level 9.2 Conjurations


You couldn't memorise any spells.
You knew the following spells:

 Your Spells              Type           Power      Damage    Failure   Level
a - Magic Dart            Conj           100%       1d8       1%          1
b - Searing Ray           Conj           78%        2d7       1%          2
c - Fulminant Prism       Conj/Hex       10%        3d8       22%         4
d - Iskenderun's Mystic   Conj/Tloc      21%        2d6       22%         4

Your spell library contained the following spells:

 Spells                   Type           Power      Damage    Failure   Level
 Sandblast                Erth           4%         2d4       14%         1
 Dazzling Flash           Conj/Hex       42%        N/A       7%          3
 Sticky Flame             Conj/Fire      21%        2d4       22%         4
 Ignite Poison            Fire/Tmut/Pois 2%         N/A       41%         3
 Ignition                 Fire           1%         3d3       100%        8


Dungeon Overview and Level Annotations

Branches:
Dungeon (5/15) Zot: 1396
 Temple: D:4-7

Altars:
Hepliaklqana
Kikubaaqudgha
Vehumet

Portals:
Abyss: D:4

Annotations:
D:4 1 transporter, OldManVictorn's ghost, amateur GnWn


Innate Abilities, Weirdness & Mutations

You passively map a small area around you.
You are easily found by Zot.
You glow in the dark.
You regain HP and MP as you explore.


Message History

The steam dragon barely misses you.
You take 11 damage, and have 17/50 hp.
MASSIVE DAMAGE!!
You now have 8/12 mp.
Casting: Searing Ray (safe; 1% risk of failure)
Confirm with . or Enter, or press ? or * to list all spells.
The spell is quite dangerous to miscast (21% risk of failure)!
Continue anyway? [Y]es or [N]o only, please.
The spell is quite dangerous to miscast (21% risk of failure)!
Continue anyway?
Aiming: Fulminant Prism (quite dangerous; 21% risk of failure)
Press: ? - help, Dir - move target, p - steam dragon You conjure a prism of explosive energy!
A fulminant prism comes into view.
The steam dragon bites you but does no damage.
The steam dragon claws you.
* * * LOW HITPOINT WARNING * * *
You take 2 damage, and have 15/50 hp.
You now have 4/12 mp.
It was a potion of degeneration.
There was something very wrong with that liquid.
You feel weakened.
You feel dopey.
You feel clumsy.
Your fulminant prism crackles loudly.
The steam dragon closely misses you. The steam dragon claws you.
* * * LOW HITPOINT WARNING * * *
It was a potion of haste.
You feel yourself speed up.
Your fulminant prism explodes!
The blast of energy engulfs the steam dragon but does no damage.
The steam dragon is moderately wounded.
The steam dragon breathes steam at you. The ball of steam hits you!
* * * LOW HITPOINT WARNING * * *
You hear an angry hiss.
You hear a bark!
You take 12 damage, and have 3/50 hp.
MASSIVE DAMAGE!!
You feel a little less mighty now.
As you read the scroll of teleportation, it crumbles to dust.
You feel strangely unstable.
You regained 2 hp, and now have 6/50 hp.
Your surroundings suddenly seem different.
You regained 4 hp, and now have 12/50 hp.
You regained 3 mp, and now have 9/12 mp.
The steam dragon breathes steam at you. The ball of steam hits you!!
You die...

, , ⌠...#######* ## * ,
, #§#§#.#.# #.#.
######.#.#.#,#.#.# ,
#######.#.#.#.#.#.#.#.#,
, .#.#.#.#.#.#.#.#.#.#.#
* ..#.#.#.#.#.#D#.#.#.#
, .#.#.#.#.#.#.#§#.#.#.#
..#.#.#.#.#.#.#§#.#.#.#
*
.#.#.#.#.#.#.#.#@#.#.#.#
*
..#.#.#.#.#.#.#.#.#.#.#.
* ,#.#.#.#.#.#.#(#.#.#.
, #.<.#.#.#.#.#.#.#.# *
* #.#.#.#......... #.#
..#.#.#.#.####+# #.# *
##.# #.#..#~~ * #.# .#
#.#.# * #. , * ## * #..#
* * * ,


There were no monsters in sight!

Vanquished Creatures
  2 hounds (D:4)
  An orc priest (D:3)
  A gnoll bouda (D:4)
  An orc wizard (D:4)
  9 gnolls (D:4)
  2 adders
  A worm (D:2)
  3 dart slugs (D:1)
  11 orcs
  5 bats
  4 endoplasms
  7 giant cockroaches
  7 goblins
  4 hobgoblins
  6 jackals
  2 kobolds
  4 quokkas
  4 ball pythons
  4 frilled lizards
  3 rats (D:1)
81 creatures vanquished.

Vanquished Creatures (others)
  2 fulminant prisms
2 creatures vanquished.

Grand Total: 83 creatures vanquished

Notes
Turn   | Place    | Note
-------+----------+-------------------------------------------
     0 | D:1      | jasper the Meteoran Conjurer began the quest for the Orb.
     0 | D:1      | Reached XP level 1. HP: 14/14 MP: 5/5
    49 | D:1      | Reached skill level 5 in Conjurations
    78 | D:1      | Reached XP level 2. HP: 18/20 MP: 0/6
    84 | D:1      | Learned a level 2 spell: Searing Ray
   164 | D:1      | Reached XP level 3. HP: 26/26 MP: 2/8
   217 | D:1      | Reached skill level 6 in Conjurations
   285 | D:1      | Found a faded altar of an unknown god.
   455 | D:2      | Reached XP level 4. HP: 33/33 MP: 1/9
   462 | D:2      | Learned a level 4 spell: Fulminant Prism
   510 | D:2      | Found a radiant altar of Vehumet.
   565 | D:2      | Became a worshipper of Vehumet
   924 | D:3      | Identified the +6 chain mail of Death Resistance {Drain
                  | rN+++ rCorr}
  1015 | D:3      | Reached skill level 7 in Conjurations
  1015 | D:3      | Reached XP level 5. HP: 11/38 MP: 3/10
  1045 | D:3      | Found a hazy altar of Hepliaklqana.
  1130 | D:3      | Found an ancient bone altar of Kikubaaqudgha.
  1386 | D:4      | Reached XP level 6. HP: 45/45 MP: 7/11
  1411 | D:4      | Reached skill level 8 in Conjurations
  1413 | D:4      | Found a one-way gate to the infinite horrors of the Abyss.
  1413 | D:4      | Noticed OldManVictorn's ghost (amateur GnWn)
  1469 | D:4      | Found a transporter.
  1497 | D:4      | Reached * piety under Vehumet
  1497 | D:4      | Offered knowledge of Sandblast by Vehumet.
  1505 | D:4      | Reached skill level 9 in Conjurations
  1511 | D:4      | Reached XP level 7. HP: 7/50 MP: 0/12
  1516 | D:4      | Learned a level 4 spell: Iskenderun's Mystic Blast
  1525 | D:4      | Noticed a small abomination
  1559 | D:5      | Entered Level 5 of the Dungeon
  1568 | D:5      | Noticed a steam dragon
  1583 | D:5      | Killed from afar by a steam dragon

Illustrated notes

Levels and vault maps discovered:
D:1:      wheals_arrival_linesprint, layout_rooms,
          shapermc_ecumenical_altar_totnotflames
D:2:      layout_basic, serial_curves, eino_curves_01, eino_curves_03,
          basic_altar, minmay_misc_feat_encased
D:3:      layout_rooms, mainiacjoe_overflow_alcove_2,
          nzn_hepliaklqana_mist_gate, gammafunk_temple_overflow_statue,
          lemuel_zombie_altar_kikubaaqudgha
D:4:      layout_cave_pools, lemuel_blue_sif_altar,
          mainiacjoe_overflow_small_starburst, gammafunk_ghost_abyssal_escape,
          minmay_misc_feat_diagonals
D:5:      layout_basic, general_overflow_altar,
          minmay_temple_entry_antechambers, hangedman_abyss_or_decor_stabs,
          minmay_bent

Skill      XL: |  1  2  3  4  5  6 |
---------------+-------------------+-----
Conjurations   | 5 6 7 9 |  9.2
Dodging        | |  2.4
Stealth        | |  1.4
Spellcasting   | |  2.6

Action                     |  1- 3 |  4- 6 |  7- 9 || total
---------------------------+-------+-------+-------++-------
  Melee: Dagger            |     9 |       |       ||     9
         Mace              |     1 |     1 |       ||     2
         War axe           |       |    14 |     4 ||    18
   Cast: Magic Dart        |    50 |    53 |       ||   103
         Searing Ray       |     2 |    12 |     3 ||    17
         Fulminant Prism   |       |     1 |     1 ||     2
    Use: Scroll            |       |    13 |     1 ||    14
         Potion            |       |     1 |     3 ||     4
 Armour: Robe              |     7 |    10 |     4 ||    21
  Dodge: Dodged            |    11 |    32 |     3 ||    46
